 Dungeon Crawl Stone Soup version 0.19-a0-1568-gdd01aac (webtiles) character file.

3994 st0uf the Thaumaturge (level 10, -4/55 HPs)
             Began as a Gargoyle Earth Elementalist on Sept 15, 2016.
             Was a Believer of Vehumet.
             Slain by Joseph
             ... wielding a +2 quarterstaff of protection
              (11 damage)
             ... on level 8 of the Dungeon.
             The game lasted 00:38:15 (8572 turns).

st0uf the Thaumaturge (Gargoyle Earth Elementalist) Turns: 8572, Time: 00:38:16

Health: -4/55      AC: 12    Str: 11    XL:     10   Next: 23%
Magic:  13/22      EV: 12    Int: 20    God:    Vehumet [**....]
Gold:   449        SH:  0    Dex: 10    Spells: 3 memorised, 17 levels left

rFire  . . .     SeeInvis .     b - 70 stones
rCold  + . .     Gourm    .     F - +0 robe
rNeg   + . .     Faith    .     (no shield)
rPois  ∞         Spirit   .     s - +0 helmet
rElec  +         Dismiss  .     n - +0 cloak
rCorr  .         Reflect  .     i - +0 pair of gloves
MR     .....     Harm     .     (no boots)
Stlth  ++........               (no amulet)
                                t - ring of protection from cold
                                f - ring of wizardry

@: no status effects
A: negative energy resistance 1, electricity resistance, unbreathing,
petrification resistance, rot immunity, AC +7
a: Renounce Religion


You were on level 8 of the Dungeon.
You worshipped Vehumet.
Vehumet was pleased with you.
You were very hungry.

You visited 2 branches of the dungeon, and saw 9 of its levels.
You also visited: Bailey.

You collected 449 gold pieces.

Inventory:

Hand Weapons
 m - a +2 whip of pain
Missiles
 b - 70 stones (in hand)
Armour
 c - a +0 robe
 i - a +0 pair of gloves (worn)
 n - a +0 cloak (worn)
 s - a +0 helmet (worn)
 F - a +0 robe (worn)
Jewellery
 f - a ring of wizardry (left hand)
 t - a ring of protection from cold (right hand)
 v - an uncursed ring of stealth
 E - the amulet of Eternal Harmony {Regen+ Dex+3, unknown}
   (You found it on level 7 of the Dungeon)

   [amulet of regeneration]

   It affects your dexterity (+3).
   It increases your rate of regeneration.
Wands
 o - a wand of random effects (21/48)
 y - a wand of digging (18/24)
 D - a wand of confusion (24/48)
Scrolls
 j - 3 scrolls of remove curse
 l - 3 scrolls of identify
 u - 6 scrolls of teleportation
 w - a scroll of enchant weapon {unknown}
 B - 2 scrolls of fear {unknown}
 G - a scroll of enchant armour {unknown}
 I - 2 scrolls of amnesia
 K - a scroll of fog {unknown}
 L - a scroll of vulnerability {unknown}
Potions
 a - a potion of cure mutation {unknown}
 g - 3 potions of agility
 h - 2 potions of curing
 k - 4 potions of might {unknown}
 p - 2 potions of lignification {unknown}
 x - a potion of berserk rage
 z - 5 potions of heal wounds {unknown}
 A - a potion of mutation {unknown}
 C - a potion of degeneration {unknown}
 H - 3 potions of cancellation {unknown}
 J - a potion of flight {unknown}
 M - a potion of invisibility {unknown}
 O - 2 potions of magic {unknown}
 P - a potion of haste
 Q - a potion of experience {unknown}
Books
 e - a book of Geomancy

   Spells                             Type                      Level
   a - Sandblast                      Earth                        1
   b - Passwall                       Transmutation/Earth          2
   c - Stone Arrow                    Conjuration/Earth            3
   d - Petrify                        Transmutation/Earth          4
   e - Lee's Rapid Deconstruction     Earth                        5
Comestibles
 d - 8 bread rations
 q - 9 fruits
 r - 6 meat rations


   Skills:
 + Level 2.9 Fighting
 + Level 3.2 Armour
 + Level 3.0 Dodging
 - Level 2.1 Stealth
 * Level 8.9 Spellcasting
 + Level 6.9 Conjurations
   Level 0.7 Transmutations
 + Level 8.7 Earth Magic
 + Level 2.2 Evocations


You had 17 spell levels left.
You knew the following spells:

 Your Spells              Type           Power        Failure   Level  Hunger
a - Sandblast             Erth           #####.       1%          1    None
b - Stone Arrow           Conj/Erth      #####.       1%          3    None
c - Lee's Rapid Deconstr  Erth           #####.....   4%          5    #####..


Dungeon Overview and Level Annotations

Branches:
Dungeon (8/15)             Temple (1/1) D:6
   Lair: D:8-11

Altars:
Ashenzari
Cheibriados
Dithmenos
Elyvilon
Fedhas
Gozag
Hepliaklqana
Kikubaaqudgha
Makhleb
Nemelex Xobeh
Okawaru
Qazlal
Ru
Sif Muna
Trog
Vehumet
Xom
Yredelemnul
Zin

Shops:
D:4 (

Annotations:
D:8 Joseph


Innate Abilities, Weirdness & Mutations

You are resistant to torment.
Your stone body is resilient. (AC +7)
You are immune to poison.
You resist negative energy. (rN+)
You are resistant to electric shocks. (rElec)
You can survive without breathing.
You are immune to petrification.
You are immune to rotting.


Message History

The rocky blast hits Joseph.
Joseph is heavily wounded.
Joseph hits you with an uncursed quarterstaff of protection.
* * * LOW HITPOINT WARNING * * *
Casting: Sandblast
Confirm with . or Enter, or press ? or * to list all spells.
Aiming: Sandblast
Press: ? - help, Shift-Dir - straight line, f/p - Joseph
Aim: Joseph, wielding a quarterstaff of protection and wearing a leather armour (heavily wounded)
The rocky blast hits Joseph.
Joseph is severely wounded.
Casting: Sandblast
Confirm with . or Enter, or press ? or * to list all spells.
Aiming: Sandblast
Press: ? - help, Shift-Dir - straight line, f/p - Joseph
Aim: Joseph, wielding a quarterstaff of protection and wearing a leather armour (severely wounded)
The rocky blast hits Joseph.
Joseph is almost dead.
Joseph hits you with an uncursed quarterstaff of protection!
You die...

#....'......#...##.###.###.
######.....................
#..............#......
#..............+......
##'###.........#....## #.#
.....?...#....# ## #.#
#......###....###.
####'####......###........
#........@@...............
#........####...... #.....
#........# .....###....
#........# ...........
#........# ###.......
#...###### #......# #...#
##...... #...# #......
#...# #......


You could see Joseph.

Vanquished Creatures
  Pikel (D:7)
  The ghost of dvd the Stinger, a novice OpVM of Hepliaklqana (D:5)
  2 two-headed ogres (D:8)
  Sigmund (D:4)
  A spriggan (D:6)
  Eustachio (D:8)
  Menkaure (D:7)
  2 orc warriors
  3 black bears
  A slave (D:6)
  A sky beast (D:6)
  An ogre (D:4)
  A phantom (D:6)
  A crocodile (D:8)
  A bullfrog (D:7)
  2 scorpions
  4 howler monkeys
  3 crimson imps
  A centaur zombie (D:7)
  2 hounds
  4 orc priests
  4 orc wizards
  4 jellies
  2 centaur skeletons
  2 iguanas
  Natasha (thrice) (D:3)
  9 worker ants
  13 gnolls (Bailey)
  6 adders
  A howler monkey skeleton (D:5)
  An ooze (D:2)
  2 adder skeletons
  2 worms
  3 dart slugs
  2 leopard geckos
  19 orcs
  4 giant cockroaches
  2 gnoll zombies (D:2)
  14 goblins
  14 hobgoblins
  A jackal (D:3)
  7 quokkas
  A ball python (D:2)
  7 bats
  7 frilled lizards
  17 kobolds
  A leopard gecko skeleton (D:7)
  7 rats
190 creatures vanquished.

Notes
Turn   | Place    | Note
-------+----------+-------------------------------------------
     0 | D:1      | st0uf the Gargoyle Earth Elementalist began the quest for the Orb.
     0 | D:1      | Reached XP level 1. HP: 10/10 MP: 3/3
   508 | D:1      | Reached XP level 2. HP: 10/15 MP: 0/5
  1143 | D:1      | Reached XP level 3. HP: 17/19 MP: 7/7
  1153 | D:1      | Learned a level 3 spell: Stone Arrow
  1683 | D:2      | Reached skill level 1 in Conjurations
  1918 | D:2      | Reached XP level 4. HP: 24/24 MP: 8/8
  2118 | D:2      | Found a basalt altar of Yredelemnul.
  2410 | D:3      | Reached XP level 5. HP: 26/28 MP: 5/10
  2509 | D:3      | Noticed Natasha
  2544 | D:3      | Killed Natasha
  2640 | D:3      | Noticed Natasha
  2684 | D:3      | Killed Natasha
  2684 | D:3      | Reached skill level 5 in Earth Magic
  2738 | D:3      | Noticed Natasha
  2743 | D:3      | Killed Natasha
  2743 | D:3      | Reached XP level 6. HP: 32/32 MP: 8/12
  2865 | D:3      | Found a bloodstained altar of Trog.
  2953 | D:4      | Found Jith's Antique Weapon Shoppe.
  3095 | D:4      | Found an iron altar of Okawaru.
  3096 | D:4      | Found a shadowy altar of Dithmenos.
  3437 | D:4      | Reached skill level 5 in Spellcasting
  3437 | D:4      | Reached XP level 7. HP: 36/36 MP: 3/14
  3626 | D:4      | Found a hazy altar of Hepliaklqana.
  3724 | D:4      | Noticed Sigmund
  3733 | D:4      | Killed Sigmund
  3899 | D:5      | Entered Level 5 of the Dungeon
  3960 | D:5      | Found a shimmering altar of Xom.
  4258 | D:5      | Found a burning altar of Makhleb.
  4263 | D:5      | Reached XP level 8. HP: 36/41 MP: 3/17
  4429 | D:5      | Noticed dvd's ghost (novice OpVM)
  4658 | D:5      | Killed dvd's ghost
  4912 | D:6      | Got a ripped robe
  4918 | D:6      | Identified the cursed +0 robe of the Commoners {MR+ Int-2 SInv} (You found it on level 6 of the Dungeon)
  4974 | D:6      | Reached skill level 5 in Conjurations
  5263 | D:6      | Found a sacrificial altar of Ru.
  5364 | D:6      | Noticed Eustachio
  5544 | D:6      | Found a staircase to the Ecumenical Temple.
  5553 | Temple   | Entered the Ecumenical Temple
  5615 | Temple   | Became a worshipper of Vehumet
  5939 | D:6      | Reached XP level 9. HP: 45/45 MP: 10/20
  6144 | D:7      | Found an opulent altar of Gozag.
  6171 | D:7      | Noticed Menkaure
  6176 | D:7      | Killed Menkaure
  6267 | D:6      | Reached skill level 1 in Fighting
  6288 | D:7      | Found a shattered altar of Ashenzari.
  6386 | D:7      | Got a crude steel amulet
  6722 | D:7      | Reached skill level 1 in Evocations
  6779 | D:7      | Reached skill level 1 in Armour
  6944 | D:7      | Noticed Pikel
  6964 | D:7      | Killed Pikel
  7361 | D:8      | Learned a level 5 spell: Lee's Rapid Deconstruction
  7370 | D:8      | Noticed a two-headed ogre
  7378 | D:8      | Killed Eustachio
  7384 | D:8      | Killed a two-headed ogre
  7384 | D:8      | Reached XP level 10. HP: 54/54 MP: 4/22
  7520 | D:8      | Reached * piety under Vehumet
  7520 | D:8      | Offered knowledge of Magic Dart by Vehumet.
  7533 | D:8      | Found a white marble altar of Elyvilon.
  7538 | D:8      | Found a flagged portal.
  7702 | Bailey   | Entered a bailey
  8053 | Bailey   | Offered knowledge of Sting by Vehumet.
  8059 | Bailey   | Reached ** piety under Vehumet
  8360 | D:8      | Noticed Joseph
  8572 | D:8      | Slain by Joseph

Vault maps used:
D:1:      dpeg_arrival_rooms_b, glass_columns_a, nrook_mini_backslash
D:2:      lemuel_zombie_altar_yredelemnul
D:3:      marbit_many_paths, uniq_natasha
D:4:      old_standard_altar, minitemple, serial_shops, nicolae_shop_stone,
          first_bread, uniq_sigmund
D:5:      xom_butterflies, makhleb_blood_cavern_becter
D:6:      nicolae_ru_path_of_blood, minivault_24, uniq_eustachio
D:7:      nicolae_gozag_seed_capital, cheibrodos_ashenzari_chains, the_bakery,
          uniq_menkaure, uniq_pikel
D:8:      lemuel_doored_altar, serial_corexii_hall,
          corexii_hall_statues_deadend, corexii_hall_statues_i,
          corexii_hall_statues_l, enter_bailey_3, special_room, uniq_joseph
Temple:   jpeg_temple_alley_garden
Bailey:   bailey_axe_2, bailey

Skill      XL: |  1  2  3  4  5  6  7  8  9 10 |
---------------+-------------------------------+-----
Earth Magic    | 4 5 6 7 8 |  8.7
Spellcasting   | 3 4 5 6 7 8 |  8.9
Conjurations   | 1 2 3 4 5 6 |  6.9
Fighting       | 2 |  2.9
Evocations     | 2 |  2.2
Armour         | 2 3 |  3.2
Dodging        | 2 3 |  3.0
Stealth        | |  2.1
Transmutations | |  0.7

Action                   |  1- 3 |  4- 6 |  7- 9 | 10-12 || total
-------------------------+-------+-------+-------+-------++-------
Melee: Unarmed           |    15 |       |       |       ||    15
       Whip              |    64 |    96 |   137 |    26 ||   323
 Cast: Sandblast         |    55 |    51 |    30 |    38 ||   174
       Stone Arrow       |       |    20 |    83 |    19 ||   122
       Lee's Rapid Decon |       |       |       |     5 ||     5
  Use: Scroll            |       |       |     6 |       ||     6
 Stab: Sleeping          |     3 |     2 |     1 |       ||     6
  Eat: Chunk             |     4 |     6 |    11 |     4 ||    25
       Royal jelly       |       |       |     1 |       ||     1
Armor: Robe              |    48 |    36 |    61 |    27 ||   172
Dodge: Dodged            |    93 |    69 |   116 |    39 ||   317
